cohdb
Replays
Latest Replays
All Replays
Popular Replays
Top Player Replays
Match Explorer
How It Works
Community
CoH3 Stats
Reddit
Sign in to upload your games and track your stats! →
Sign in with Steam
Match 42597852
Unlisted
Match 42597852
Overview
Messages
Build Orders
End
Kettenkrad Recon Vehicle
Construct Infanterie Kompanie
Selects Terror Battlegroup
Selects Machine Gun Camouflage
MG 42 Machine Gun Team
Grenadier Squad
Grenadier Squad
Construct Panzergrenadier Kompanie
251 Medium Carrier
Panzergrenadier Squad
Support Elements
Medical Station
Selects Contempt for the Weak
StuG III G Assault Gun
Nebelwerfer 42 Rocket Launcher Team
Selects Contempt for the Weak
Selects Jericho Trumpet
Selects Contempt for the Weak
Selects Jericho Trumpet
Jericho Trumpet
Construct Panzer Kompanie
Panzer IV Medium Tank
Selects V1 Rocket Strike
Stoßtruppen Squad
Pioneer Squad
V1 Rocket Strike
Valar[M]orgHulis
Resunoon
Jango_BR
Maxibon
IAM_Chaos50
< blank >
commandante
Njjghik
0
0
Comments
sign in to comment!
No comments posted yet!